 Dungeon Crawl Stone Soup version 0.25-a0-589-g1e14c549ee (webtiles) character file.

Game seed: 9765598528063802176, levelgen mode: deterministic

311 Kohma the Slasher (level 6, -4/72 HPs)
             Began as a Demonspawn Gladiator on Mar 11, 2020.
             Killed from afar by an orc wizard (6 damage)
             ... with a puff of flame
             ... on level 4 of the Dungeon.
             The game lasted 00:06:28 (2589 turns).

Kohma the Slasher (Demonspawn Gladiator)            Turns: 2589, Time: 00:06:29

Health: -4/72      AC: 23    Str: 16    XL:     6   Next: 18%
Magic:  0/6        EV:  2    Int:  9    God:
Gold:   104        SH:  0    Dex: 15    Spells: 5/5 levels left

rFire    . . .     SeeInvis .   a - +0 long sword
rCold    . . .     Gourm    .   (no shield)
rNeg     + + +     Faith    .   (armour currently unavailable)
rPois    +         Spirit   +   (helmet currently unavailable)
rElec    .         Reflect  .   (cloak currently unavailable)
rCorr    .         Harm     .   (gloves currently unavailable)
MR       .....     NoTele   +   (boots currently unavailable)
Stlth    +.........             (no amulet)
HPRegen  0.22/turn              (no ring)
MPRegen  0.10/turn              (no ring)

@: tree-form, hasted, very quick
A: magic shield
a: no special abilities


You were on level 4 of the Dungeon.
You were hungry.
You were a tree.
You visited 1 branch of the dungeon, and saw 4 of its levels.

You collected 104 gold pieces.

Inventory:

Hand Weapons
 a - a +0 long sword (weapon)
 j - a +0 dagger of protection
Missiles
 d - 3 throwing nets (quivered)
Armour
 c - a +0 helmet
 i - a +0 ring mail (melded)
Scrolls
 k - a scroll of fog
 p - 2 scrolls of teleportation
Potions
 l - a potion of cancellation {unknown}
 n - a potion of might {unknown}
 o - a potion of berserk rage {unknown}
Comestibles
 f - 4 rations
 q - 8 chunks of flesh


   Skills:
 + Level 3.9 Fighting
 * Level 5.3 Long Blades
 - Level 1.7 Throwing
 + Level 0.3 Armour
 - Level 3.0 Dodging


You had 5 spell levels left.
You didn't know any spells.
Your spell library was empty.

Dungeon Overview and Level Annotations

Branches:
Dungeon (4/15)
 Temple: D:4-7

Altars:

Annotations:
D:3 3 runed translucent doors, exclusion: 3 doors, iroha's ghost, amateur OgGl
D:4 Grinder


Innate Abilities, Weirdness & Mutations

((You have sharp fingernails.))
((You are partially covered in yellow scales. (AC +2)))
((You are partially covered in sharp spines.))
When hurt, damage is shared between your health and your magic reserves.
((You have large cloven feet.))
((You have a pair of small horns on your head.))
((Your flesh is heat resistant. (rF+)))


Message History

The orc wizard casts a spell at you. The puff of frost hits you.
* * * LOW HITPOINT WARNING * * *
It was a potion of flight.
You feel very buoyant.
You fly up into the air.
You hear the quick hiss of a very distant avalanche of sand.
It was a potion of mutation.
You feel extremely strange. A pair of horns grows on your head!
Your +0 helmet falls away!
Your feet thicken and deform.
You feel resistant to heat.
The orc wizard is struck by your spines.
The orc wizard hits you but does no damage.
It was a potion of lignification.
You turn into a tree.
Your +0 ring mail melds into your body.
Your roots penetrate the ground.
You hit the orc wizard.
The orc wizard is severely wounded.
The orc wizard points at you and mumbles some strange words.
The puff of flame hits you!
You die...

### ... #.# #.# #.#
.######.################
>.......ool..O5.5o...).5
################♣################
.<.......#######.#
########.........# ###########


You could see Grinder, an ogre, an orc wizard, an orc and a leopard gecko.

Vanquished Creatures
  A scorpion (D:4)
  An orc priest (D:4)
  Natasha (D:4)
  2 orc wizards (D:4)
  3 gnolls (D:3)
  An adder (D:2)
  2 oozes
  A worm (D:2)
  2 dart slugs
  4 leopard geckos
  4 orcs (D:4)
  4 bats
  A bat zombie (D:3)
  A giant cockroach (D:1)
  6 goblins
  5 hobgoblins
  5 jackals
  3 ball pythons
  5 frilled lizards
  4 kobolds
  A leopard gecko skeleton (D:4)
  10 rats
  A rat zombie (D:3)
68 creatures vanquished.

Vanquished Creatures (others)
  An orc wizard (D:4)
  Natasha (D:4)
2 creatures vanquished.

Grand Total: 70 creatures vanquished

Notes
Turn   | Place    | Note
-------+----------+-------------------------------------------
     0 | D:1      | Kohma the Demonspawn Gladiator began the quest for the Orb.
     0 | D:1      | Reached XP level 1. HP: 16/16 MP: 1/1
   229 | D:1      | Reached skill level 3 in Long Blades
   263 | D:1      | Gained mutation: You are partially covered in yellow
                  | scales. (AC +2) [demonic ancestry]
   263 | D:1      | Reached XP level 2. HP: 22/22 MP: 2/2
   892 | D:2      | Reached XP level 3. HP: 23/28 MP: 3/3
  1890 | D:3      | Gained mutation: When hurt, damage is shared between your
                  | health and your magic reserves. [demonic ancestry]
  1890 | D:3      | Reached XP level 4. HP: 34/34 MP: 4/4
  1905 | D:3      | Found a runed translucent gate.
  1906 | D:3      | Found a runed translucent gate.
  1907 | D:3      | Found a runed translucent gate.
  1909 | D:3      | Noticed iroha's ghost (amateur OgGl)
  2060 | D:3      | Reached skill level 4 in Long Blades
  2247 | D:4      | Noticed Natasha
  2254 | D:4      | Killed Natasha
  2276 | D:4      | Gained mutation: You are partially covered in sharp spines.
                  | [demonic ancestry]
  2276 | D:4      | Reached XP level 5. HP: 22/41 MP: 3/5
  2409 | D:4      | Reached skill level 5 in Long Blades
  2415 | D:4      | Gained mutation: You have sharp fingernails. [demonic
                  | ancestry]
  2415 | D:4      | Reached XP level 6. HP: 34/48 MP: 6/6
  2520 | D:4      | Noticed Grinder
  2524 | D:4      | Paralysed by Grinder for 2 turns
  2576 | D:4      | Noticed Natasha
  2581 | D:4      | Killed Natasha
  2584 | D:4      | HP: 1/48 [orc wizard/puff of frost (3)]
  2587 | D:4      | Gained mutation: You have a pair of small horns on your
                  | head. [potion of mutation]
  2587 | D:4      | Gained mutation: You have large cloven feet. [potion of
                  | mutation]
  2587 | D:4      | Gained mutation: Your flesh is heat resistant. (rF+)
                  | [potion of mutation]
  2589 | D:4      | Killed from afar by an orc wizard

Levels and vault maps discovered:
D:1:      minmay_arrival_radiant_lines, layout_loops_ring
D:2:      layout_loops_ring, first_ration, mrwooster_statue_mirror
D:3:      lemuel_castle_with_subvaults [lemuel_castle_interior_carwin_1],
          layout_loops_ring, lemuel_zombie_altar_kikubaaqudgha,
          gammafunk_ghost_necromancy
D:4:      kennysheep_big_flooded_room, layout_basic,
          chequers_ossuary_entry_cave, serial_shops, nicolae_shop_trees,
          uniq_natasha, uniq_grinder, uniq_sigmund

Skill      XL: |  1  2  3  4  5 |
---------------+----------------+-----
Long Blades    | 3 4 5 |  5.3
Dodging        | 3 |  3.0
Fighting       | 3 |  3.9
Throwing       | |  1.7
Armour         | |  0.3

Action                   |  1- 3 |  4- 6 || total
-------------------------+-------+-------++-------
Melee: Long sword        |    98 |    68 ||   166
  Use: Scroll            |       |     5 ||     5
       Potion            |       |     4 ||     4
 Stab: Sleeping          |     2 |       ||     2
  Eat: Chunk             |     3 |     2 ||     5
Armor: Leather armour    |    24 |       ||    24
       Ring mail         |    16 |    23 ||    39
Dodge: Dodged            |    85 |    49 ||   134
       Rpst.: Long sword |    28 |    15 ||    43

Table legend:
 A = Non-vault XP
 B = Vault XP
 C = Vault XP percentage of total XP
 D = Non-vault monster count
 E = Vault monster count
 F = Vault count percentage of total count
                 A         B        C        D         E       F
            +---------+---------+-------+---------+---------+-------
      Total |     357 |      88 |  19.8 |      61 |       9 |  12.9
            +---------+---------+-------+---------+---------+-------
        D:1 |      31 |       0 |   0.0 |      22 |       0 |   0.0
        D:2 |      39 |       0 |   0.0 |      13 |       0 |   0.0
        D:3 |      25 |      53 |  67.9 |      11 |       8 |  42.1
        D:4 |     262 |      35 |  11.8 |      15 |       1 |   6.2
            +---------+---------+-------+---------+---------+-------
